 Dungeon Crawl Stone Soup version 0.30.1-9-gdf580d7c3d (webtiles) character file.

Game seed: 15581203537716179178

5433 ChaoticPyre the Severer (level 10, 0/94 HPs)
             Began as a Minotaur Berserker on Oct 2, 2023.
             Was an Elder of Trog.
             Slain by a komodo dragon (20 damage)
             ... on level 8 of the Dungeon on Oct 13, 2023.
             The game lasted 00:24:06 (6193 turns).

ChaoticPyre the Severer (Minotaur Berserker)        Turns: 6193, Time: 00:24:07

Health: 0/94       AC: 13    Str: 27    XL:     10   Next: 41%
Magic:  9/9        EV: 10    Int:  4    God:    Trog [****..]
Gold:   296        SH:  0    Dex:  9    Spells: 9/9 levels left

rFire   . . .        n - +0 battleaxe
rCold   . . .        (shield currently unavailable)
rNeg    . . .        f - +1 chain mail
rPois   .            (helmet restricted)
rElec   .            (no cloak)
rCorr   .            (no gloves)
SInv    +            (no boots)
Will    .....        b - amulet of the acrobat Stlth
                     l - ring of see invisible
HPRegen 0.35/turn    (no ring)
MPRegen 0.11/turn

%: acrobat
@: no status effects
A: horns 2, retaliatory headbutt, iridescent scales 1, robust 1
a: Renounce Religion, Berserk, Trog's Hand, Brothers in Arms


You were on level 8 of the Dungeon.
You worshipped Trog.
Trog was greatly pleased with you.
You visited 1 branch of the dungeon, and saw 8 of its levels.

You collected 316 gold pieces.
You spent 20 gold pieces at shops.

Inventory:

Hand Weapons
 n - a +0 battleaxe (weapon)
Armour
 f - a +1 chain mail (worn)
Jewellery
 b - an amulet of the acrobat (around neck)
 l - a ring of see invisible (left hand)
Wands
 m - a wand of acid (7)
 p - a wand of roots (12)
 q - a wand of digging (5)
Scrolls
 g - 2 scrolls of vulnerability {unknown}
 k - 3 scrolls of immolation
 r - a scroll of acquirement {unknown}
 s - a scroll of enchant armour
Potions
 a - a potion of heal wounds
 c - 3 potions of might
 h - a potion of attraction {unknown}
 i - a potion of flight
 j - a potion of berserk rage
 o - 2 potions of degeneration {unknown}


   Skills:
 + Level 7.2 Fighting
 * Level 15.5 Axes
 + Level 7.9 Armour
 + Level 3.7 Dodging
 - Level 0.2 Stealth


You had 9 spell levels left.
You didn't know any spells.
Your spell library was empty.

Dungeon Overview and Level Annotations

Branches:
Dungeon (8/15)             Temple (0/1) D:4            Lair (0/5) D:8

Altars:
Ashenzari
Wu Jian
Xom
Yredelemnul
The Shining One

Shops:
D:3 ?   D:5 *


Innate Abilities, Weirdness & Mutations

You have a pair of horns on your head.
You reflexively headbutt those who attack you in melee.
You are partially covered in iridescent scales. (AC +2)
You are robust. (+10% HP)


Message History

You hit the fungus.
The fungus begins to die.
The fungus is lightly damaged.
You slash the fungus! You headbutt the fungus.
The fungus is lightly damaged.
A nearby fungus withers and dies.
The komodo dragon completely misses you.
You closely miss the komodo dragon. You headbutt the komodo dragon.
The komodo dragon is lightly wounded.
You slice the fungus!!
The fungus begins to die.
The komodo dragon bites you but does no damage.
You barely miss the komodo dragon. Your headbutt misses the komodo dragon.
The komodo dragon is lightly wounded.
You slash the fungus! The komodo dragon bites you!!
You closely miss the komodo dragon.
The komodo dragon is lightly wounded.
You slash the fungus! The komodo dragon barely misses you.
You furiously retaliate!
You headbutt the komodo dragon.
You hit the komodo dragon but do no damage.
The komodo dragon is lightly wounded.
You slice the fungus!!
A nearby fungus withers and dies.
The komodo dragon bites you but does no damage.
You barely miss the komodo dragon.
The komodo dragon is lightly wounded.
The komodo dragon bites you!
You closely miss the komodo dragon. Your headbutt misses the komodo dragon.
The komodo dragon is lightly wounded.
The komodo dragon bites you!
* * * LOW HITPOINT WARNING * * *
You completely miss the komodo dragon.
You headbutt the komodo dragon, but do no damage.
The komodo dragon is lightly wounded.
The komodo dragon bites you!
* * * LOW HITPOINT WARNING * * *
You completely miss the komodo dragon.
The komodo dragon is lightly wounded.
The komodo dragon bites you but does no damage.
You closely miss the komodo dragon.
The komodo dragon is lightly wounded.
The komodo dragon bites you!!
You die...

...## .....# #....<####
##...P.P..### ###............
###..P...P...P...
##l.....P..PP.PP..
#@.P...P......P.PP #.
##.......P.P....... #..###
####..P..............P
#.....###..............P......
#......†............P.P>PPP.P.
#......######..P..........P...!
......# #...P.P.P....P:PP.P
####.. ###..P.P....P.PP.PP ##
#P.[....P..PP.P..


You could see a komodo dragon.

Vanquished Creatures
  Joseph (D:7)
  Psyche (D:8)
  A komodo dragon (D:8)
  The ghost of danielguo94 the Cudgeller, a novice GrFi of Zin (D:5)
  Prince Ribbit (D:7)
  4 yaks (D:8)
  A steam dragon (D:7)
  5 water moccasins
  Duvessa (D:6)
  7 black bears
  An ice beast (D:5)
  An orc warrior (D:7)
  3 sky beasts
  4 ogres (D:5)
  A centaur (D:7)
  2 phantoms
  Blork the orc (D:5)
  3 bullfrogs
  2 scorpions
  Dowan (D:6)
  A howler monkey (D:7)
  2 jellies
  An orc priest (D:5)
  2 hounds
  A gnoll bouda (D:6)
  Jessica (D:2)
  A sleepcap (D:7)
  6 iguanas
  2 orc wizards
  3 gnolls (D:6)
  9 adders
  3 white imps
  3 ufetubi
  A worm (D:2)
  3 dart slugs
  16 orcs
  7 bats
  5 endoplasms
  8 giant cockroaches
  11 goblins
  9 hobgoblins
  9 jackals
  4 kobolds
  6 quokkas
  6 ball pythons
  4 frilled lizards
  9 rats
175 creatures vanquished.

Notes
Turn   | Place    | Note
-------+----------+-------------------------------------------
     0 | D:1      | ChaoticPyre the Minotaur Berserker began the quest for the
                  | Orb.
     0 | D:1      | Reached XP level 1. HP: 19/19 MP: 0/0
   121 | D:1      | Reached XP level 2. HP: 21/27 MP: 1/1
   189 | D:1      | Reached skill level 4 in Axes
   566 | D:1      | Reached XP level 3. HP: 23/33 MP: 2/2
   919 | D:2      | Noticed Jessica
   922 | D:2      | Killed Jessica
   922 | D:2      | Reached ** piety under Trog
   930 | D:2      | Identified the +3 scale mail of Gampale {rElec rN+ rCorr}
   948 | D:2      | Reached XP level 4. HP: 40/41 MP: 3/3
  1036 | D:2      | Found a broken altar of Ashenzari.
  1078 | D:2      | Reached skill level 5 in Axes
  1446 | D:2      | Gained mutation: You are partially covered in iridescent
                  | scales. (AC +2) [potion of mutation]
  1446 | D:2      | Gained mutation: You are robust. (+10% HP) [potion of
                  | mutation]
  1569 | D:3      | Found Ostid's Magic Scroll Boutique.
  1578 | D:3      | Bought a scroll of identify for 20 gold pieces
  1582 | D:3      | Reached XP level 5. HP: 51/51 MP: 4/4
  1649 | D:3      | Reached *** piety under Trog
  1826 | D:3      | Noticed a sky beast
  1836 | D:3      | Killed a sky beast
  1837 | D:3      | Reached skill level 6 in Axes
  1904 | D:3      | Found an ornate altar of the Wu Jian Council.
  2219 | D:4      | Reached XP level 6. HP: 54/58 MP: 5/5
  2354 | D:4      | Reached skill level 7 in Axes
  2749 | D:4      | Found a staircase to the Ecumenical Temple.
  2983 | D:5      | Entered Level 5 of the Dungeon
  3001 | D:5      | Reached skill level 8 in Axes
  3001 | D:5      | Reached XP level 7. HP: 66/66 MP: 6/6
  3091 | D:5      | Found a transporter.
  3091 | D:5      | Found a transporter.
  3091 | D:5      | Noticed danielguo94's ghost (novice GrFi)
  3109 | D:5      | Reached skill level 9 in Axes
  3111 | D:5      | Reached skill level 5 in Fighting
  3117 | D:5      | Killed danielguo94's ghost
  3118 | D:5      | Reached skill level 10 in Axes
  3118 | D:5      | Reached skill level 5 in Armour
  3118 | D:5      | Reached XP level 8. HP: 74/74 MP: 7/7
  3283 | D:5      | Found a glowing golden altar of the Shining One.
  3381 | D:5      | Reached skill level 11 in Axes
  3505 | D:5      | Noticed Blork the orc
  3509 | D:5      | Killed Blork the orc
  3549 | D:5      | Reached **** piety under Trog
  3595 | D:5      | Found Dovvi's General Store.
  3845 | D:5      | Found a basalt altar of Yredelemnul.
  4239 | D:6      | Reached skill level 12 in Axes
  4377 | D:6      | Reached XP level 9. HP: 80/82 MP: 8/8
  4606 | D:6      | Noticed Duvessa
  4606 | D:6      | Noticed Dowan
  4617 | D:6      | Killed Duvessa
  4622 | D:6      | Killed Dowan
  4942 | D:7      | Reached skill level 13 in Axes
  5091 | D:7      | Noticed Prince Ribbit
  5104 | D:7      | Killed Prince Ribbit
  5427 | D:7      | Reached skill level 14 in Axes
  5436 | D:7      | Noticed Joseph
  5449 | D:7      | Killed Joseph
  5736 | D:7      | Found a shimmering altar of Xom.
  5877 | D:8      | Noticed Psyche
  5884 | D:8      | Killed Psyche
  5885 | D:8      | Reached XP level 10. HP: 42/92 MP: 9/9
  6074 | D:8      | Found a staircase to the Lair.
  6092 | D:8      | Reached skill level 15 in Axes
  6193 | D:8      | Slain by a komodo dragon

Illustrated notes

Levels and vault maps discovered:
D:1:      minmay_arrival_glassed_features, layout_loops_ring,
          nrook_loot_triangle
D:2:      layout_basic, basic_altar, minmay_surrounded, uniq_jessica
D:3:      layout_basic, pdpol_wu_jian_five_deadly_venoms, serial_shops, shop
D:4:      layout_cave_pods, minmay_temple_entry_mist
D:5:      layout_loops_ring, gammafunk_ghost_smash, st_stairs_11,
          hangedman_feature_mirror, nicolae_inconvenience_store,
          uniq_blork_the_orc
D:6:      layout_loops_corners, uniq_duvessa
D:7:      layout_basic, mainiacjoe_overflow_alcove_4, hex_large, uniq_joseph,
          uniq_prince_ribbit1
D:8:      layout_layer_cave, due_lair_maze_entry_diamond, uniq_erica,
          uniq_psyche

Skill      XL: |  1  2  3  4  5  6  7  8  9 10 |
---------------+-------------------------------+-----
Fighting       | 4 5 6 7 |  7.2
Axes           | 4 5 6 8 10 12 14 15 | 15.5
Armour         | 3 4 5 6 7 |  7.9
Dodging        | 3 |  3.7
Stealth        | |  0.2

Action                     |  1- 3 |  4- 6 |  7- 9 | 10-12 || total
---------------------------+-------+-------+-------+-------++-------
  Melee: Hand axe          |    65 |   116 |       |       ||   181
         Headbutt          |     8 |    14 |    27 |     9 ||    58
         Punch             |       |     2 |       |       ||     2
         War axe           |       |    25 |    50 |       ||    75
         Battleaxe         |       |       |   122 |    53 ||   175
 Invoke: Berserk           |       |     3 |     6 |     1 ||    10
    Use: Scroll            |       |     7 |     5 |     2 ||    14
         Potion            |       |     3 |       |     3 ||     6
 Armour: Animal skin       |     7 |       |       |       ||     7
         Chain mail        |    21 |    74 |    75 |    33 ||   203
  Dodge: Dodged            |    28 |    81 |    98 |    28 ||   235
